PBL
VICTORIA CAPITALS @ AMARILLO THUNDERHEADS
07/17/2044
 
TOP OF THE 1ST
Victoria Capitals batting - Pitching for Amarillo ThunderHeads : RHP Jose Vela
Pitching: RHP Jose Vela
Batting: RHB Heihachiro Fujita 0-0: Called Strike
0-1: Ball
1-1: Foul Ball, location: 2F
1-2: Foul Ball, location: 2F
1-2: Foul Ball, location: 2F
1-2: Strikes out swinging
Batting: RHB Tomokazu Sugimoto 0-0: Ball
1-0: SINGLE (Flyball, 89S, EV 94.4 MPH)
Batting: RHB Victor Rosas 0-0: Ball
1-0: Called Strike
1-1: Ball
2-1: TRIPLE (Line Drive, 9LD, EV 103.1 MPH)
Tomokazu Sugimoto scores
Batting: LHB Taki Matsui 0-0: Called Strike
0-1: Called Strike
0-2: Ground out U3 (Groundball, 3, EV 103.8 MPH)
Batting: SHB Carlos Luna 0-0: SINGLE (Groundball, 34, EV 96.9 MPH)
Victor Rosas scores
Batting: RHB Nick Edmunds 0-0: Ball
1-0: Foul Ball, location: 2F
1-1: Swinging Strike
1-2: Ball
2-2: Ground out 4-3 (Groundball, 4, EV 81.2 MPH)
Top of the 1st over - 2 runs, 3 hits, 0 errors, 1 left on base; Victoria 2 - Amarillo 0
BOTTOM OF THE 1ST
Amarillo ThunderHeads batting - Pitching for Victoria Capitals : RHP Raul Lopez
Pitching: RHP Raul Lopez
Batting: SHB Tim Rogers 0-0: Ball
1-0: Called Strike
1-1: Foul Ball, location: 2F
1-2: Ball
2-2: SINGLE (Line Drive, 4D, EV 96.9 MPH)
Batting: RHB Luis Reyna 0-0: Ball
1-0: Ball
2-0: Foul Ball, location: 2F
2-1: Ground out 5-3 (Groundball, 5S, EV 60.6 MPH)
Tim Rogers to second
Batting: RHB Salvatore Zamora 0-0: Ball
1-0: Fly out, F3 (Popup, 34S, EV 81.2 MPH)
Batting: RHB Nick Solberg 0-0: Ball
1-0: Called Strike
1-1: Foul Ball, location: 2F
1-2: Ground out 5-3 (Groundball, 5, EV 100.0 MPH)
Bottom of the 1st over - 0 runs, 1 hit, 0 errors, 1 left on base; Victoria 2 - Amarillo 0
TOP OF THE 2ND
Victoria Capitals batting - Pitching for Amarillo ThunderHeads : RHP Jose Vela
Batting: SHB Ray Skogen 0-0: Foul Ball, location: 2F
0-1: Ball
1-1: Ball
2-1: Ball
3-1: Foul Ball, location: 2F
3-2: Fly out, F8 (Flyball, 8LXD, EV 92.5 MPH)
Batting: RHB David Greene 0-0: Bunt for hit to 15 - play at first, batter OUT! 1-3
Batting: LHB Chang Huie 0-0: Called Strike
0-1: Swinging Strike
0-2: Ball
1-2: Fly out, F9 (Flyball, 9LM, EV 83.1 MPH)
Top of the 2nd over - 0 runs, 0 hits, 0 errors, 0 left on base; Victoria 2 - Amarillo 0
BOTTOM OF THE 2ND
Amarillo ThunderHeads batting - Pitching for Victoria Capitals : RHP Raul Lopez
Batting: LHB Santino Pisanello 0-0: Ball
1-0: Ground out 5-3 (Groundball, 5, EV 86.9 MPH)
Batting: RHB Jerry Foster 0-0: Foul Ball, location: 2F
0-1: Foul Ball, location: 2F
0-2: Foul Ball, location: 2F
0-2: Ground out 4-3 (Groundball, 4M, EV 104.4 MPH)
Batting: RHB Luis Solorzano 0-0: Called Strike
0-1: Swinging Strike
0-2: Strikes out swinging
Bottom of the 2nd over - 0 runs, 0 hits, 0 errors, 0 left on base; Victoria 2 - Amarillo 0
TOP OF THE 3RD
Victoria Capitals batting - Pitching for Amarillo ThunderHeads : RHP Jose Vela
Batting: RHB Heihachiro Fujita 0-0: Ball
1-0: Called Strike
1-1: Swinging Strike
1-2: Strikes out swinging
Batting: RHB Tomokazu Sugimoto 0-0: Ground out 1-3 (Groundball, 23, EV 76.9 MPH)
Batting: RHB Victor Rosas 0-0: DOUBLE (Line Drive, 9D, EV 91.9 MPH)
Batting: LHB Taki Matsui 0-0: Called Strike
0-1: Called Strike
0-2: Ball
1-2: Ground out 1-3 (Groundball, 13, EV 68.1 MPH)
Top of the 3rd over - 0 runs, 1 hit, 0 errors, 1 left on base; Victoria 2 - Amarillo 0
BOTTOM OF THE 3RD
Amarillo ThunderHeads batting - Pitching for Victoria Capitals : RHP Raul Lopez
Batting: RHB Ferdi Schipper 0-0: Ground out 5-3 (Groundball, 56, EV 81.9 MPH)
Batting: SHB Tyler Romo 0-0: Called Strike
0-1: Ball
1-1: Foul Ball, location: 2F
1-2: Fly out, F8 (Flyball, 78D, EV 85.0 MPH)
Batting: SHB Tim Rogers 0-0: Called Strike
0-1: Swinging Strike
0-2: Foul Ball, location: 2F
0-2: Strikes out looking
Bottom of the 3rd over - 0 runs, 0 hits, 0 errors, 0 left on base; Victoria 2 - Amarillo 0
TOP OF THE 4TH
Victoria Capitals batting - Pitching for Amarillo ThunderHeads : RHP Jose Vela
Batting: SHB Carlos Luna 0-0: SINGLE (Groundball, 2L, EV 64.4 MPH) (infield hit)
Batting: RHB Nick Edmunds 0-0: Ball
1-0: Ball
2-0: Called Strike
2-1: Ball
3-1: Called Strike
3-2: Ground out 6-3 (Groundball, 6, EV 102.5 MPH)
Carlos Luna to second
Batting: SHB Ray Skogen 0-0: SINGLE (Groundball, 6S, EV 67.5 MPH) (infield hit)
Carlos Luna to third
Batting: RHB David Greene 0-0: Ball
1-0: Ball
2-0: Ball
3-0: Called Strike
3-1: Fly out, F8 (Flyball, 8RD, EV 100.6 MPH)
Runner from 3rd tags up, OUT at HOME! 8-2
Top of the 4th over - 0 runs, 2 hits, 0 errors, 1 left on base; Victoria 2 - Amarillo 0
BOTTOM OF THE 4TH
Amarillo ThunderHeads batting - Pitching for Victoria Capitals : RHP Raul Lopez
Batting: RHB Luis Reyna 0-0: Ball
1-0: Called Strike
1-1: Called Strike
1-2: Strikes out swinging
Batting: RHB Salvatore Zamora 0-0: Ball
1-0: Called Strike
1-1: Fly out, F9 (Line Drive, 9, EV 91.2 MPH)
Batting: RHB Nick Solberg 0-0: Fly out, F8 (Flyball, 8LM, EV 81.2 MPH)
Bottom of the 4th over - 0 runs, 0 hits, 0 errors, 0 left on base; Victoria 2 - Amarillo 0
TOP OF THE 5TH
Victoria Capitals batting - Pitching for Amarillo ThunderHeads : RHP Jose Vela
Batting: LHB Chang Huie 0-0: Ball
1-0: Ball
2-0: Called Strike
2-1: Ball
3-1: Fly out, F6 (Line Drive, 6, EV 62.5 MPH)
Batting: RHB Heihachiro Fujita 0-0: Ball
1-0: Foul Ball, location: 2F
1-1: Ball
2-1: Fly out, F7 (Flyball, 7S, EV 87.5 MPH)
Batting: RHB Tomokazu Sugimoto 0-0: Swinging Strike
0-1: Called Strike
0-2: Ball
1-2: Foul Ball, location: 2F
1-2: SINGLE (Line Drive, 4M, EV 98.1 MPH)
Batting: RHB Victor Rosas 0-0: Foul Ball, location: 2F
0-1: Ball
Tomokazu Sugimoto is caught stealing 2nd base 2-4
Top of the 5th over - 0 runs, 1 hit, 0 errors, 0 left on base; Victoria 2 - Amarillo 0
BOTTOM OF THE 5TH
Amarillo ThunderHeads batting - Pitching for Victoria Capitals : RHP Raul Lopez
Batting: LHB Santino Pisanello 0-0: Ball
1-0: SINGLE (Groundball, 6MD, EV 101.9 MPH)
Batting: RHB Jerry Foster 0-0: Ball
1-0: Ball
2-0: Ball
3-0: Base on Balls
Santino Pisanello to second
Batting: RHB Luis Solorzano 0-0: Ball
1-0: Called Strike
1-1: Swinging Strike
1-2: Grounds into double play, 6-4-3 (Groundball, 6, EV 105.6 MPH)
Santino Pisanello to third
Batting: RHB Ferdi Schipper 0-0: Called Strike
0-1: Called Strike
0-2: Strikes out swinging
Bottom of the 5th over - 0 runs, 1 hit, 0 errors, 1 left on base; Victoria 2 - Amarillo 0
TOP OF THE 6TH
Victoria Capitals batting - Pitching for Amarillo ThunderHeads : RHP Jose Vela
Batting: RHB Victor Rosas 0-0: Ball
1-0: Foul Ball, location: 2F
1-1: Ball
2-1: Fly out, F8 (Flyball, 8LXD, EV 108.1 MPH)
Batting: LHB Taki Matsui 0-0: Ball
1-0: Ball
2-0: Ball
3-0: Base on Balls
Batting: SHB Carlos Luna 0-0: Fly out, F9 (Flyball, 9D, EV 82.5 MPH)
Batting: RHB Nick Edmunds 0-0: Ball
1-0: Ball
Wild Pitch!
Taki Matsui to second
2-0: Called Strike
2-1: Foul Ball, location: 2F
2-2: Fly out, F7 (Flyball, 7LD, EV 90.6 MPH)
Top of the 6th over - 0 runs, 0 hits, 0 errors, 1 left on base; Victoria 2 - Amarillo 0
BOTTOM OF THE 6TH
Amarillo ThunderHeads batting - Pitching for Victoria Capitals : RHP Raul Lopez
Batting: SHB Tyler Romo 0-0: Foul Ball, location: 2F
0-1: Swinging Strike
0-2: Foul Ball, location: 2F
0-2: Ball
1-2: Strikes out swinging
Batting: SHB Tim Rogers 0-0: Ball
1-0: Ball
2-0: SINGLE (Line Drive, 6M, EV 93.8 MPH)
Batting: RHB Luis Reyna 0-0: Ball
1-0: Ball
2-0: Ball
Tim Rogers is caught stealing 2nd base 2-4
3-0: Foul Ball, location: 2F
3-1: Base on Balls
Batting: RHB Salvatore Zamora 0-0: Called Strike
0-1: Called Strike
0-2: Fly out, F9 (Flyball, 9S, EV 87.5 MPH)
Bottom of the 6th over - 0 runs, 1 hit, 0 errors, 1 left on base; Victoria 2 - Amarillo 0
TOP OF THE 7TH
Victoria Capitals batting - Pitching for Amarillo ThunderHeads : RHP Jose Vela
Batting: SHB Ray Skogen 0-0: Hit by Pitch
Batting: RHB David Greene 0-0: Ball
1-0: Called Strike
1-1: Bunted foul
1-2: Ball
2-2: Strikes out swinging
Batting: LHB Chang Huie 0-0: Ball
1-0: Called Strike
Ray Skogen steals 2nd, throwing error, E2
Ray Skogen to third
1-1: Foul Ball, location: 2F
1-2: Strikes out swinging
Batting: RHB Heihachiro Fujita 0-0: Ball
1-0: Swinging Strike
1-1: Ball
2-1: Foul Ball, location: 2F
2-2: Ball
3-2: Fly out, F9 (Flyball, 9D, EV 92.5 MPH)
Top of the 7th over - 0 runs, 0 hits, 1 error, 1 left on base; Victoria 2 - Amarillo 0
BOTTOM OF THE 7TH
Amarillo ThunderHeads batting - Pitching for Victoria Capitals : RHP Raul Lopez
Batting: RHB Nick Solberg 0-0: Called Strike
0-1: Ball
1-1: Called Strike
1-2: Foul Ball, location: 2F
1-2: Ball
2-2: Fly out, F8 (Flyball, 8LXD, EV 102.5 MPH)
Pitching: RHP Sid Lampone
Batting: LHB Santino Pisanello 0-0: Ball
1-0: Ball
2-0: Foul Ball, location: 2F
2-1: Swinging Strike
2-2: Ground out 6-3 (Groundball, 6, EV 80.6 MPH)
Batting: RHB Jerry Foster 0-0: Called Strike
0-1: Swinging Strike
0-2: Ball
1-2: Ground out 5-3 (Groundball, 56, EV 82.5 MPH)
Bottom of the 7th over - 0 runs, 0 hits, 0 errors, 0 left on base; Victoria 2 - Amarillo 0
TOP OF THE 8TH
Victoria Capitals batting - Pitching for Amarillo ThunderHeads : RHP Jose Vela
Pitching: LHP Kevin Anderson
Batting: RHB Tomokazu Sugimoto 0-0: Ball
1-0: Fly out, F7 (Flyball, 7, EV 96.9 MPH)
Batting: RHB Victor Rosas 0-0: Called Strike
0-1: DOUBLE (Line Drive, 78D, EV 106.9 MPH)
Batting: LHB Taki Matsui 0-0: Ball
1-0: Called Strike
1-1: Called Strike
1-2: Ball
2-2: Strikes out looking
Batting: SHB Carlos Luna 0-0: Ball
1-0: Ball
2-0: Called Strike
2-1: Ground out 4-3 (Groundball, 4, EV 76.9 MPH)
Top of the 8th over - 0 runs, 1 hit, 0 errors, 1 left on base; Victoria 2 - Amarillo 0
BOTTOM OF THE 8TH
Amarillo ThunderHeads batting - Pitching for Victoria Capitals : RHP Sid Lampone
Batting: RHB Luis Solorzano 0-0: Ball
1-0: Fly out, F8 (Flyball, 8LD, EV 96.2 MPH)
Batting: RHB Ferdi Schipper 0-0: Foul Ball, location: 2F
0-1: Ball
1-1: Ground out 6-3 (Groundball, 6, EV 98.8 MPH)
Batting: SHB Tyler Romo 0-0: Ball
1-0: Called Strike
1-1: Foul Ball, location: 2F
1-2: Strikes out looking
Bottom of the 8th over - 0 runs, 0 hits, 0 errors, 0 left on base; Victoria 2 - Amarillo 0
TOP OF THE 9TH
Victoria Capitals batting - Pitching for Amarillo ThunderHeads : LHP Kevin Anderson
Batting: RHB Nick Edmunds 0-0: Ball
1-0: Called Strike
1-1: Ball
2-1: Swinging Strike
2-2: Foul Ball, location: 2F
2-2: Foul Ball, location: 2F
2-2: Ball
3-2: Foul Ball, location: 2F
3-2: Strikes out swinging
Batting: SHB Ray Skogen 0-0: Ball
1-0: Ball
2-0: Foul Ball, location: 2F
2-1: Ground out 1-3 (Groundball, 25, EV 64.4 MPH)
Batting: RHB David Greene 0-0: Fly out, F7 (Line Drive, 7, EV 100.0 MPH)
Top of the 9th over - 0 runs, 0 hits, 0 errors, 0 left on base; Victoria 2 - Amarillo 0
BOTTOM OF THE 9TH
Amarillo ThunderHeads batting - Pitching for Victoria Capitals : RHP Sid Lampone
Pitching: LHP Ben Burton
Batting: SHB Tim Rogers 0-0: Ball
1-0: Called Strike
1-1: Ball
2-1: Ball
3-1: Called Strike
3-2: SINGLE (Groundball, 5L, EV 84.4 MPH) (infield hit)
Batting: RHB Luis Reyna 0-0: Grounds into double play, 6-4-3 (Groundball, 6, EV 80.6 MPH)
Batting: RHB Salvatore Zamora 0-0: Ball
1-0: Ball
2-0: Foul Ball, location: 2F
2-1: Foul Ball, location: 2F
2-2: Foul Ball, location: 2F
2-2: Strikes out swinging
Bottom of the 9th over - 0 runs, 1 hit, 0 errors, 0 left on base; Victoria 2 - Amarillo 0
Thursday, March 31st , 2022 - OOTP Baseball 22.12 Build 89